 Dungeon Crawl Stone Soup version 0.29.0-13-gc9e81de378 (webtiles) character file.

Game seed: 103928331031832059

24 lmSkywalker the Caller (level 3, 0/19 HPs)
             Began as a Tengu Summoner on Sept 7, 2022.
             Slain by a quokka (5 damage)
             ... on level 1 of the Dungeon.
             The game lasted 00:02:50 (689 turns).

lmSkywalker the Caller (Tengu Summoner)              Turns: 689, Time: 00:02:50

Health: 0/19       AC:  2    Str:  8    XL:     3   Next: 2%
Magic:  4/7        EV: 12    Int: 15    God:
Gold:   15         SH:  0    Dex: 16    Spells: 4/7 levels left

rFire   . . .      SeeInvis .   c - +0 trident
rCold   . . .      Faith    .   (no shield)
rNeg    . . .      Spirit   .   a - +0 robe
rPois   .          Reflect  .   (helmet restricted)
rElec   .          Harm     .   (no cloak)
rCorr   .          Rampage  .   (no gloves)
Will    .....                   (boots unavailable)
Stlth   ++........              (no amulet)
HPRegen 0.06/turn               (no ring)
MPRegen 0.10/turn               (no ring)

@: no status effects
A: beak, talons 3
a: no special abilities


You were on level 1 of the Dungeon.
You visited 1 branch of the dungeon, and saw 1 of its levels.

You collected 15 gold pieces.

Inventory:

Hand Weapons
 c - a +0 trident (weapon)
Armour
 a - a +0 robe (worn)
Scrolls
 d - a scroll of identify {unknown}
 f - a scroll of immolation {unknown}
 h - a scroll of vulnerability {unknown}
 i - a scroll of teleportation {unknown}
Potions
 b - a potion of magic
 e - a potion of berserk rage {unknown}
 g - 2 potions of haste {unknown}


   Skills:
 - Level 2.1 Dodging
 - Level 2.0 Stealth
 + Level 2.6 Spellcasting
 + Level 5.4 Summonings


You had 4 spell levels left.
You knew the following spells:

 Your Spells              Type           Power      Damage    Failure   Level
a - Summon Small Mammal   Summ           72%        N/A       2%          1
b - Call Imp              Summ           18%        N/A       3%          2

Your spell library contained the following spells:

 Spells                   Type           Power      Damage    Failure   Level
 Call Canine Familiar     Summ           18%        N/A       7%          3
 Summon Guardian Golem    Hex/Summ       10%        N/A       21%         3
 Summon Lightning Spire   Summ/Air       10%        N/A       56%         4


Dungeon Overview and Level Annotations

Branches:
Dungeon (1/15)

Altars:


Innate Abilities, Weirdness & Mutations

You have a beak for a mouth.
You have claws for feet.


Message History

Your rat bites the jackal.
You barely miss the jackal. You peck the jackal.
You kill the jackal!
Your crimson imp blinks!
The jackal bites you.
Your quokka bites the jackal.
Your rat closely misses the jackal.
The jackal closely misses you.
You barely miss the jackal. You claw the jackal, but do no damage.
The jackal is heavily wounded.
The jackal closely misses you.
Your quokka bites the jackal.
The jackal bites you.
Your rat bites the jackal.
The jackal bites you. The jackal closely misses you.
Your quokka closely misses the jackal.
The jackal closely misses you. The jackal bites your rat.
Your rat dies!
Your rat's corpse disappears in a puff of smoke!
Your quokka closely misses the jackal.
You swap places.
The jackal barely misses your quokka.
Your quokka bites the jackal.
The jackal dies!
Your crimson imp blinks!
You have reached level 3!
Your experience leads to an increase in your attributes!
Increase (S)trength, (I)ntelligence, or (D)exterity?
You feel agile. x2
You are too injured to fight recklessly!
You are too injured to fight recklessly!
Reach: c) +0 trident
Press: ? - help, Dir - move target, f - jackal
Aim: a jackal (lightly wounded, ally target, about 50% to evade your +0 trident)
You reach to attack!
You hit the jackal but do no damage.
The jackal is lightly wounded.
The jackal bites your quokka.
Your quokka bites the jackal.
The jackal bites your quokka. The quokka bites you.
* * * LOW HITPOINT WARNING * * *
Your quokka barely misses the jackal.
You are too injured to fight recklessly!
You hit the quokka but do no damage. Your kick misses the quokka.
The jackal closely misses your quokka.
Your quokka barely misses the jackal.
The jackal bites your quokka but does no damage.
The quokka bites you.
You die...

..#..####.##.....## #.#.#
.....# #.##.#.#.## #.
#.#.. ..##..#
#.##.#.#..#.. ..## #..#†
.####.# #....#.##.#.#
..###.... .# ... #
...#####.##....§
##.....#.#..#.##.# #..
##............
#.###...##....##.. ..
##@#.......###.###.
....###rr.....##.###.###.
.......h.5†#####...#..#..
.######...## #.....#....
#...# #......).... #...#
#.......#... #...#
#.......#... #...#
##.....##... #####
#.......##..


You could see a quokka, a jackal (ally target), a friendly crimson imp
(summoned) and a friendly quokka (summoned).

Vanquished Creatures
  A dart slug (D:1)
  An endoplasm (D:1)
  2 giant cockroaches (D:1)
  A goblin (D:1)
  2 hobgoblins (D:1)
  A jackal (D:1)
  A ball python (D:1)
9 creatures vanquished.

Vanquished Creatures (collateral kills)
  A dart slug (D:1)
  An endoplasm (D:1)
  A hobgoblin (D:1)
  A jackal (D:1)
  A quokka (D:1)
  A frilled lizard (D:1)
  A kobold (D:1)
  2 rats (D:1)
9 creatures vanquished.

Grand Total: 18 creatures vanquished

Notes
Turn   | Place    | Note
-------+----------+-------------------------------------------
     0 | D:1      | lmSkywalker the Tengu Summoner began the quest for the Orb.
     0 | D:1      | Reached XP level 1. HP: 10/10 MP: 4/4
   175 | D:1      | Reached skill level 5 in Summonings
   222 | D:1      | Reached XP level 2. HP: 15/15 MP: 4/6
   241 | D:1      | Learned a level 2 spell: Call Imp
   688 | D:1      | Reached XP level 3. HP: 8/19 MP: 4/7
   689 | D:1      | Slain by a quokka

Illustrated notes

Levels and vault maps discovered:
D:1:      mrwooster_arrival_statue_3, layout_rooms

Skill      XL: |  1 |
---------------+----+-----
Summonings     | 5 |  5.4
Dodging        | |  2.1
Stealth        | |  2.0
Spellcasting   | |  2.6

Action                   || total
-------------------------++-------
Melee: Trident           ||    33
       Kick              ||     7
       Peck              ||     3
 Cast: Summon Small Mamm ||    20
       Call Imp          ||     3
 Stab: Sleeping          ||     1
Armor: Robe              ||     3
Dodge: Dodged            ||    21
